Map: [ESL] Royal Blood

Players

Reynor - Winner!

  • Race: Zerg Zerg
  • League: Master
  • Spawn Location: 7:00

Serral

  • Race: Zerg Zerg
  • Spawn Location: 1:00

Event: HomeStory Cup XXIII

VOD

Have the link to the VOD?

Description

Time

  • Played on: July 2, 2023, 9:16 a.m.
  • Length: 9:46

All games in this series

Show
View Real Time Build Order
Export as new Build Order

Reynor Zerg - Winner!

Build Orders: Hatch First 

Get SALT Encoding   

  12  0:00  Drone  
  13  0:11  Overlord  
  13  0:16  Drone  
  14  0:30  Drone x2  
  16  0:47  Hatchery  
  15  0:50  Drone  
  15  0:54  Drone  
  15  0:57  Drone  
  18  1:04  Extractor  
  17  1:13  Spawning Pool  
  17  1:15  Drone  
  17  1:18  Drone  
  18  1:27  Drone  
  19  1:38  Drone  
  20  1:49  Drone  
  21  1:59  Overlord, Queen x2  
  21  2:00  Zergling x2  
  26  2:05  Metabolic Boost  
  26  2:10  Drone  
  26  2:11  Drone  
  28  2:21  Zergling x2  
  28  2:22  Drone  
  30  2:32  Hatchery  
  30  2:35  Drone  
  30  2:38  Zergling x2  
  30  2:43  Zergling x2  
  32  2:44  Overlord  
  32  2:53  Zergling x4  
  34  3:03  Zergling x2, Baneling Nest  
  34  3:04  Zergling x2  
  35  3:06  Zergling x2  
  35  3:07  Drone x2  
  35  3:08  Drone  
  35  3:10  Zergling x2  
  40  3:14  Overlord  
  40  3:17  Zergling x2  
  41  3:20  Zergling x2  
  41  3:25  Queen  
  43  3:35  Drone  
  43  3:36  Drone  
  43  3:37  Drone  
  43  3:38  Drone  
  43  3:39  Drone  
  43  3:40  Drone  
  48  3:45  Drone x2  
  49  3:48  Drone  
  49  3:50  Drone  
  49  3:56  Baneling x2  
  49  4:00  Drone, Roach Warren  
  49  4:05  Zergling x4  
  49  4:09  Zergling x2  
  52  4:11  Overlord  
  52  4:18  Drone  
  52  4:19  Extractor  
  52  4:20  Overlord  
  52  4:23  Drone  
  53  4:29  Drone  
  53  4:30  Drone  
  55  4:32  Overlord  
  49  4:42  Drone x2, Lair  
  49  4:43  Roach x3, Drone  
  49  4:45  Queen  
  60  4:48  Roach, Drone  
  63  4:53  Evolution Chamber  
  63  4:54  Evolution Chamber  
  63  4:55  Drone x2  
  63  4:57  Roach  
  66  5:00  Extractor, Drone  
  66  5:02  Drone  
  66  5:03  Drone  
  66  5:05  Drone  
  68  5:08  Drone x2  
  68  5:14  Drone x3  
  73  5:16  Drone x2  
  73  5:19  Extractor, Drone x2  
  73  5:21  Drone  
  77  5:24  Overlord  
  77  5:28  Drone x3  
  77  5:33  Drone x2, Zerg Melee Weapons Level 1  
  82  5:42  Spire  
  81  5:43  Drone x3  
  81  5:45  Extractor, Drone x2  
  81  5:46  Extractor  
  81  5:47  Roach  
  86  5:51  Roach x2  
  86  5:53  Overlord  
  86  5:56  Overlord  
  89  6:02  Baneling x2  
  89  6:03  Overlord  
  89  6:09  Overlord  
  89  6:16  Drone x2  
  89  6:18  Drone x3  
  94  6:23  Drone x2  
  96  6:30  Zergling x14  
  96  6:31  Zergling x2  
  104  6:33  Overlord  
  104  6:35  Overlord  
  104  6:40  Hatchery, Zergling x2  
  104  6:41  Zergling x2  
  105  6:53  Mutalisk x6  
  117  6:56  Mutalisk  
  117  6:59  Mutalisk  
  121  7:03  Hatchery, Zerg Flyer Weapons Level 1  
  120  7:11  Mutalisk  
  122  7:18  Drone x7  
  122  7:19  Mutalisk  
  122  7:20  Overlord  
  131  7:25  Mutalisk  
  131  7:27  Overlord  
  131  7:28  Mutalisk  
  135  7:30  Drone x2  
  135  7:31  Drone  
  135  7:32  Overlord  
  135  7:36  Overlord  
  138  7:39  Overlord  
  134  7:44  Extractor x2  
  134  7:46  Mutalisk  
  134  7:48  Zergling x12  
  139  7:52  Centrifugal Hooks  
  139  7:58  Mutalisk  
  139  8:02  Drone x5, Hatchery  
  145  8:06  Mutalisk  
  145  8:07  Drone x2  
  149  8:13  Mutalisk  
  149  8:15  Zergling x4  
  149  8:17  Zergling x2  
  154  8:23  Mutalisk x2  
  154  8:25  Zergling x8  
  154  8:26  Zergling x2  
  163  8:28  Overlord  
  163  8:32  Mutalisk x2  
  167  8:39  Overlord  
  167  8:40  Zergling x10  
  160  8:49  Mutalisk x3  
  160  8:54  Zergling x2  
  160  8:55  Queen  
  166  8:56  Zergling x6  
  171  9:04  Hatchery  
  171  9:06  Mutalisk x4  
  174  9:13  Zergling x14  
  174  9:14  Baneling x8  
  181  9:19  Zergling x4  
  181  9:21  Zergling x2  
  184  9:24  Baneling x9  
  184  9:25  Zergling x2  
  184  9:27  Zergling x4  
  184  9:28  Zergling x4  
Show
View Real Time Build Order
Export as new Build Order

Serral Zerg 

Build Orders: Hatch First 

Get SALT Encoding   

  12  0:00  Drone  
  13  0:11  Overlord  
  13  0:16  Drone  
  14  0:30  Drone x2  
  16  0:48  Hatchery  
  15  0:50  Drone  
  15  0:54  Drone  
  17  0:57  Drone  
  18  1:08  Extractor  
  17  1:13  Spawning Pool  
  17  1:16  Drone  
  17  1:19  Drone  
  18  1:27  Drone  
  19  1:38  Drone  
  20  1:48  Drone  
  21  1:59  Queen x2  
  21  2:00  Zergling x2  
  21  2:01  Overlord  
  26  2:08  Metabolic Boost  
  26  2:10  Drone x2  
  28  2:21  Zergling x2  
  28  2:22  Drone  
  30  2:32  Hatchery  
  30  2:35  Drone  
  30  2:37  Drone  
  30  2:42  Drone  
  32  2:45  Baneling Nest  
  32  2:51  Overlord  
  31  2:54  Zergling x2  
  31  3:00  Drone  
  31  3:04  Drone  
  33  3:08  Zergling x4  
  33  3:09  Zergling x6  
  38  3:13  Zergling x2  
  38  3:14  Zergling x2  
  38  3:19  Overlord  
  40  3:25  Zergling x2  
  41  3:29  Baneling  
  41  3:30  Baneling  
  41  3:32  Zergling x4  
  42  3:37  Queen  
  43  3:48  Drone x4  
  47  3:50  Drone x2  
  47  3:51  Drone x2  
  51  3:57  Overlord  
  51  4:01  Baneling x2  
  51  4:02  Baneling x2  
  51  4:04  Zergling x2  
  51  4:08  Zergling x4  
  54  4:11  Drone  
  54  4:14  Drone x2  
  54  4:16  Drone  
  57  4:22  Extractor, Drone, Roach Warren  
  56  4:25  Drone  
  56  4:30  Overlord  
  57  4:38  Zergling x6  
  56  4:40  Drone x3  
  58  4:46  Drone x2  
  58  4:52  Zergling x4  
  62  4:54  Drone x2  
  64  5:01  Overlord x2  
  64  5:06  Drone x3  
  67  5:08  Evolution Chamber  
  67  5:11  Roach  
  67  5:12  Roach x2  
  72  5:16  Overlord x2  
  72  5:19  Roach  
  74  5:24  Extractor, Roach  
  74  5:25  Roach  
  74  5:26  Roach x3  
  83  5:28  Baneling  
  83  5:29  Overlord  
  83  5:31  Roach  
  83  5:34  Drone x3  
  88  5:36  Zerg Missile Weapons Level 1  
  88  5:40  Drone x2  
  88  5:41  Drone x2  
  92  5:47  Drone x2  
  92  5:48  Drone x2  
  96  5:56  Lair  
  96  5:57  Extractor x2, Drone x3  
  96  5:58  Extractor  
  96  6:03  Drone  
  96  6:04  Drone x2  
  97  6:10  Roach x2  
  97  6:11  Roach  
  102  6:15  Overlord  
  100  6:21  Drone x4  
  100  6:24  Drone  
  100  6:25  Pneumatized Carapace  
  104  6:26  Overlord  
  104  6:28  Roach x4  
  112  6:32  Overlord  
  112  6:37  Overlord  
  112  6:41  Drone  
  112  6:42  Roach, Drone  
  116  6:51  Overlord x2  
  116  6:53  Hatchery  
  116  6:54  Overlord  
  115  6:56  Glial Reconstitution  
  115  6:58  Roach x3  
  121  7:04  Roach x4  
  129  7:10  Hydralisk Den  
  129  7:12  Queen  
  129  7:14  Queen  
  132  7:16  Queen  
  132  7:22  Overseer  
  134  7:24  Overlord  
  134  7:26  Spore Crawler  
  134  7:27  Drone, Spore Crawler  
  134  7:28  Drone x2, Spore Crawler  
  134  7:39  Grooved Spines  
  134  7:43  Drone  
  135  7:46  Hydralisk x5  
  139  7:55  Hydralisk x3  
  145  7:59  Overlord x2  
  145  8:00  Overlord  
  145  8:04  Overlord  
  145  8:05  Overlord  
  145  8:08  Overlord  
  145  8:11  Overlord  
  145  8:12  Overlord  
  143  8:22  Hydralisk  
  143  8:23  Hydralisk x2  
  148  8:29  Hydralisk x3  
  154  8:39  Hydralisk x4  
  161  8:47  Hydralisk x4  
  163  8:56  Zergling x2  
  163  8:57  Zergling x2  
  163  8:58  Zergling x4  
  167  9:04  Hatchery  
  167  9:07  Hydralisk x3  
  160  9:12  Hydralisk x5  
  170  9:17  Baneling x8  
Tags
 
Add a new tag
Caveats
  • Supply blocks, unpowered buildings, or Contaminate may cause inaccurate times.
  • Supply counts are checked every 10 seconds.